 Dungeon Crawl Stone Soup version 0.26-b1-45-g23770d1d51 (webtiles) character file.

Game seed: 80085814158770952

2347 radhat240 the Cleaver (level 9, -13/81 HPs)
             Began as a Hill Orc Fighter on Jan 6, 2021.
             Mangled by a two-headed ogre
             ... wielding a +0 giant spiked club
              (15 damage)
             ... on level 8 of the Dungeon.
             The game lasted 00:23:53 (7038 turns).

radhat240 the Cleaver (Hill Orc Fighter)            Turns: 7038, Time: 00:23:54

Health: -13/81     AC: 12    Str: 20    XL:     9   Next: 43%
Magic:  9/9        EV: 12    Int:  8    God:
Gold:   399        SH: 10    Dex: 10    Spells: 8/8 levels left

rFire    . . .     SeeInvis +   a - +1 war axe
rCold    . . .     Faith    .   c - +0 kite shield
rNeg     . . .     Spirit   .   b - +0 scale mail
rPois    .         Reflect  .   h - +2 hat
rElec    .         Harm     .   (no cloak)
rCorr    .         Rampage  .   f - +1 pair of gloves
Will     .....                  (no boots)
Stlth    ..........             (no amulet)
HPRegen  0.23/turn              m - +4 ring of evasion
MPRegen  0.11/turn              z - ring of see invisible

@: no status effects
A: claws 1, fangs 1, hooves 1, sense surroundings 2, weak 1
a: no special abilities


You were on level 8 of the Dungeon.
You visited 2 branches of the dungeon, and saw 9 of its levels.
You also visited: Sewer.

You collected 399 gold pieces.

Inventory:

Hand Weapons
 a - a +1 war axe (weapon)
Missiles
 y - 5 javelins (quivered)
Armour
 b - a +0 scale mail (worn)
 c - a +0 kite shield (worn)
 f - a +1 pair of gloves (worn)
 h - a +2 hat (worn)
Jewellery
 m - a +4 ring of evasion (left hand)
 z - a ring of see invisible (right hand)
Wands
 w - a wand of acid (6)
Scrolls
 j - a scroll of amnesia
 k - 2 scrolls of teleportation
 l - 5 scrolls of remove curse
 o - 3 scrolls of blinking
 q - 3 scrolls of magic mapping
 t - 2 scrolls of enchant weapon
Potions
 d - 3 potions of might
 g - 4 potions of invisibility
 i - 2 potions of ambrosia
 p - a potion of brilliance
 r - 2 potions of curing
 s - a potion of cancellation
 x - a potion of flight


   Skills:
 + Level 8.2 Fighting
 + Level 8.4 Axes
 + Level 7.5 Armour
 + Level 7.6 Shields


You had 8 spell levels left.
You didn't know any spells.
Your spell library contained the following spells:

 Spells                   Type           Power        Failure   Level
 Summon Small Mammal      Summ           0%           96%         1
 Call Imp                 Summ           0%           99%         2
 Call Canine Familiar     Summ           0%           100%        3
 Summon Guardian Golem    Hex/Summ       0%           100%        3
 Summon Ice Beast         Ice/Summ       0%           100%        4
 Summon Lightning Spire   Summ/Air       0%           100%        4


Dungeon Overview and Level Annotations

Branches:
Dungeon (8/15)             Temple (1/1) D:6           Sewer (visited)
   Lair: D:8-11

Altars:
Ashenzari
Cheibriados
Dithmenos
Elyvilon
Fedhas
Gozag
Hepliaklqana
Kikubaaqudgha
Makhleb
Nemelex Xobeh
Okawaru
Qazlal
Ru
Sif Muna
Trog
Uskayaw
Wu Jian
Xom
Yredelemnul
Zin
The Shining One

Annotations:
D:4 1 runed translucent door


Innate Abilities, Weirdness & Mutations

You have sharp fingernails.
You have very sharp teeth.
You have large cloven feet.
You passively map the area around you.
You are weak. (Str -2)


Message History

You are too injured to fight recklessly!
You are too injured to fight recklessly!
You are too injured to fight recklessly!
You are too injured to fight recklessly!
You are too injured to fight recklessly!
You hit the two-headed ogre. Your kick misses the two-headed ogre.
The two-headed ogre is heavily wounded.
The two-headed ogre hits you but does no damage.
The two-headed ogre barely misses you.
You closely miss the two-headed ogre. You kick the two-headed ogre.
The two-headed ogre is heavily wounded.
You hit the two-headed ogre. Your bite misses the two-headed ogre.
The two-headed ogre is heavily wounded.
The two-headed ogre hits you with a +0 giant spiked club!!
* * * LOW HITPOINT WARNING * * *
The two-headed ogre hits you but does no damage.
You hit the two-headed ogre but do no damage.
The two-headed ogre is heavily wounded.
The two-headed ogre hits you with a +0 giant spiked club!
You die...

* * ****
#..<......# * *
#####.........# ,
, ..............#
* ,
,............# ,
...........# ,
,.#####.........+
* , ,,
,......O...|....#
, , ,
......†@.......#
, ,
......#+#<#.#.##
* , , ..... #.# *
, .... +,... ,,
>* ... ,*..### ,*
* , ,.. #.. , , *
* ,. ### , * * ,
, ,* * ,, , * ,
*** *,


You could see a two-headed ogre.

Vanquished Creatures
  2 orc warriors
  3 ice beasts
  3 sky beasts
  A phantom (D:7)
  An ogre (D:6)
  2 centaurs
  A big kobold (D:7)
  A gnoll sergeant (D:7)
  2 bullfrogs (D:7)
  A water moccasin skeleton (D:4)
  3 scorpions
  A bullfrog zombie (D:4)
  A centaur zombie (D:6)
  A quasit (D:6)
  2 jellies (D:5)
  2 orc wizards
  A centaur skeleton (D:7)
  Natasha (twice) (D:4)
  3 worker ants
  A worker ant zombie (D:7)
  8 gnolls
  10 adders
  A white imp (D:6)
  2 ufetubi
  8 oozes
  An adder zombie (D:6)
  7 worms
  The ghost of KrombopulosMichael the Sneak, a weakling FoDe (D:6)
  A dart slug (D:1)
  9 leopard geckos
  24 orcs
  16 bats
  12 giant cockroaches
  8 goblins
  7 hobgoblins
  16 jackals
  19 kobolds
  A quokka (D:2)
  A ball python (Sewer)
  6 frilled lizards
  A jackal zombie (D:7)
  A leopard gecko skeleton (D:4)
  A quokka skeleton (D:5)
  10 rats
205 creatures vanquished.

Notes
Turn   | Place    | Note
-------+----------+-------------------------------------------
     0 | D:1      | radhat240 the Hill Orc Fighter began the quest for the Orb.
     0 | D:1      | Reached XP level 1. HP: 19/19 MP: 1/1
    46 | D:1      | Reached XP level 2. HP: 18/27 MP: 2/2
    60 | D:1      | Gained mutation: You have very sharp teeth. [potion of
                  | mutation]
    60 | D:1      | Gained mutation: You have large cloven feet. [potion of
                  | mutation]
    60 | D:1      | Gained mutation: You are somewhat resistant to further
                  | mutation. [potion of mutation]
    60 | D:1      | Gained mutation: Your spells are a little harder to cast,
                  | but a little more powerful. [potion of mutation]
   296 | D:1      | Reached XP level 3. HP: 16/33 MP: 3/3
   411 | D:1      | Lost mutation: You are somewhat resistant to further
                  | mutation. [potion of mutation]
   411 | D:1      | Lost mutation: Your spells are a little harder to cast, but
                  | a little more powerful. [potion of mutation]
   411 | D:1      | Gained mutation: You have an increased reservoir of magic.
                  | (+10% MP) [potion of mutation]
   411 | D:1      | Gained mutation: Scrolls take you a little longer to read.
                  | [potion of mutation]
   411 | D:1      | Gained mutation: You are weak. (Str -2) [potion of
                  | mutation]
   411 | D:1      | Gained mutation: You are partially covered in slimy green
                  | scales. (AC +2) [potion of mutation]
   850 | D:2      | Reached XP level 4. HP: 26/41 MP: 4/4
  1422 | D:2      | Found an ornate altar of the Wu Jian Council.
  1453 | D:2      | Reached XP level 5. HP: 47/47 MP: 5/5
  1731 | D:3      | Found a sparkling altar of Nemelex Xobeh.
  1909 | D:3      | Found a glowing drain.
  1926 | Sewer    | Entered a sewer
  2060 | Sewer    | Lost mutation: You have an increased reservoir of magic.
                  | (+10% MP) [potion of mutation]
  2060 | Sewer    | Lost mutation: Scrolls take you a little longer to read.
                  | [potion of mutation]
  2060 | Sewer    | Lost mutation: You are partially covered in slimy green
                  | scales. (AC +2) [potion of mutation]
  2060 | Sewer    | Gained mutation: You passively map a small area around you.
                  | [potion of mutation]
  2060 | Sewer    | Gained mutation: You have sharp fingernails. [potion of
                  | mutation]
  2060 | Sewer    | Gained mutation: You passively map the area around you.
                  | [potion of mutation]
  2288 | Sewer    | Reached skill level 5 in Fighting
  2288 | Sewer    | Reached XP level 6. HP: 36/54 MP: 6/6
  2816 | D:4      | Found a broken altar of Ashenzari.
  3047 | D:4      | Reached skill level 5 in Shields
  3326 | D:4      | Reached skill level 5 in Axes
  3348 | D:4      | Found a glowing silver altar of Zin.
  3349 | D:4      | Found a runed translucent door.
  3349 | D:4      | Noticed an angel
  3466 | D:4      | Reached XP level 7. HP: 48/61 MP: 7/7
  3639 | D:4      | Reached skill level 5 in Armour
  3654 | D:4      | Noticed Natasha
  3662 | D:4      | Killed Natasha
  3787 | D:4      | Noticed Natasha
  3793 | D:4      | Killed Natasha
  3858 | D:5      | Entered Level 5 of the Dungeon
  4082 | D:5      | Reached XP level 8. HP: 71/71 MP: 8/8
  5021 | D:6      | Found a staircase to the Ecumenical Temple.
  5034 | Temple   | Entered the Ecumenical Temple
  5481 | D:6      | Found a glowing golden altar of the Shining One.
  5490 | D:6      | Found a basalt altar of Yredelemnul.
  5502 | D:6      | Found a runed translucent gate.
  5503 | D:6      | Found a runed translucent gate.
  5504 | D:6      | Found a runed translucent gate.
  5506 | D:6      | Noticed KrombopulosMichael's ghost (weakling FoDe)
  5513 | D:6      | Killed KrombopulosMichael's ghost
  5767 | D:6      | Noticed an angel
  5986 | D:7      | Reached XP level 9. HP: 48/80 MP: 9/9
  6294 | D:7      | HP: 1/81 [orc warrior/+0 long sword (8)]
  6948 | D:7      | Found a sacrificial altar of Ru.
  7024 | D:8      | Noticed a two-headed ogre
  7037 | D:8      | HP: 2/81 [two-headed ogre/+0 giant spiked club (27)]
  7038 | D:8      | Mangled by a two-headed ogre

Illustrated notes

Levels and vault maps discovered:
D:1:      lightli_arrival_flooded_house, layout_rooms
D:2:      layout_loops_ring, pdpol_wu_jian_five_deadly_venoms,
          small_statue_intersection, kennysheep_generic_room_12
D:3:      layout_basic, old_standard_altar, portal_sewer_entry_f, serial_glass,
          glass_columns_a, glass_columns_b, chequers_serial_rivers_small_b
D:4:      layout_gridville, overflow_temple_1_default, lemuel_angel_altar,
          uniq_natasha
D:5:      layout_cave_pools, kennysheep_generic_room_7
D:6:      layout_cave_pools, grunt_temple_overflow_holy_war, temple_statues,
          ebering_ghost_rock_garden, amcnicky_mini_pool_small,
          nicolae_benzene_ring, kennysheep_decorative_pillar,
          minmay_statues_item, dk_noncrumbling_2
D:7:      layout_rooms, lemuel_doored_altar, minmay_misc_feat_columns
D:8:      layout_basic
Temple:   regret_index_temple_generic_petals

Skill      XL: |  1  2  3  4  5  6  7  8  9 |
---------------+----------------------------+-----
Axes           | 3 4 5 6 7 8 |  8.4
Fighting       | 4 5 6 7 8 |  8.2
Shields        | 4 5 6 7 |  7.6
Armour         | 4 5 6 7 |  7.5

Action                   |  1- 3 |  4- 6 |  7- 9 || total
-------------------------+-------+-------+-------++-------
Melee: War axe           |    65 |   254 |   220 ||   539
       Kick              |     9 |    49 |    49 ||   107
       Bite              |     2 |    19 |    22 ||    43
Evoke: Wand              |       |       |     1 ||     1
  Use: Scroll            |    11 |     4 |     7 ||    22
       Potion            |     4 |     8 |     2 ||    14
Armor: Scale mail        |    29 |   108 |    92 ||   229
Dodge: Dodged            |    26 |   151 |   137 ||   314
Block: Kite shield       |    35 |   158 |   135 ||   328
